 Dungeon Crawl Stone Soup version 0.30.0-3-ga4e48a9924 (webtiles) character file.

Game seed: 4866831404777358102

5063 Cheops the Grappler (level 10, -11/77 HPs)
             Began as a Ghoul Monk on May 8, 2023.
             Was a Priest of Wu Jian.
             Mangled by Snorg (12 damage)
             ... on level 10 of the Dungeon.
             The game lasted 00:32:19 (7793 turns).

Cheops the Grappler (Ghoul Monk)                    Turns: 7793, Time: 00:32:21

Health: -11/77     AC: 13    Str: 20    XL:     10   Next: 56%
Magic:  9/9        EV: 16    Int:  5    God:    Wu Jian [***...]
Gold:   323        SH:  5    Dex: 11    Spells: 9/9 levels left

rFire   . .          .
                       - Unarmed
rCold   + . .        c - orb {light}
rNeg    + + +        n - +0 scale mail
rPois   ∞            m - +1 helmet
rElec   .            (no cloak)
rCorr   .            (no gloves)
SInv    .            y - +2 pair of boots
Will    .....        F - amulet of reflection Stlth
                     E - +5 ring of evasion
HPRegen 0.00/turn    (no ring)
MPRegen 0.11/turn

%: reflection
@: inhibited regen, glowing
A: claws 1, cold resistance 1, negative energy resistance 3, inhibited
regeneration, torment resistance 2, devour on kill
a: Renounce Religion, Wall Jump, Serpent's Lash


You were on level 10 of the Dungeon.
You worshipped Wu Jian.
Wu Jian was most pleased with you.
You visited 2 branches of the dungeon, and saw 11 of its levels.

You collected 541 gold pieces.
You spent 218 gold pieces at shops.

Inventory:

Hand Weapons
 b - a +2 sling of freezing
Missiles
 C - 2 throwing nets
Armour
 c - an orb of light (worn)
 m - a +1 helmet (worn)
 n - a +0 scale mail (worn)
 y - a +2 pair of boots (worn)
 A - the +0 pair of gloves of Sunatz {Slay+2}
   (You bought it in a shop on level 4 of the Dungeon)

   Slay:      It affects your accuracy & damage with ranged weapons and melee
   (+2).
Jewellery
 w - an amulet of regeneration
 D - an amulet of faith
 E - a +5 ring of evasion (left claw)
 F - an amulet of reflection (around neck)
Wands
 s - a wand of flame (16)
 G - a wand of paralysis (7)
 I - a wand of iceblast (6)
Scrolls
 a - a scroll of identify
 d - 3 scrolls of torment {unknown}
 e - 3 scrolls of enchant weapon {unknown}
 f - 2 scrolls of teleportation {unknown}
 g - a scroll of amnesia {unknown}
 h - 2 scrolls of poison {unknown}
 j - a scroll of vulnerability {unknown}
 k - 2 scrolls of silence {unknown}
 l - 3 scrolls of blinking {unknown}
 o - 2 scrolls of noise {unknown}
 p - a scroll of magic mapping {unknown}
 v - 3 scrolls of fear {unknown}
Potions
 i - 5 potions of lignification
 q - 2 potions of berserk rage
 r - 2 potions of ambrosia
 t - 2 potions of curing {unknown}
 u - 2 potions of attraction
 x - 3 potions of cancellation {unknown}
 z - 4 potions of degeneration {unknown}
 B - 3 potions of heal wounds
 H - 3 potions of invisibility
 J - a potion of magic {unknown}


   Skills:
 - Level 3.2 Fighting
 - Level 2.0 Ranged Weapons
 + Level 5.6 Armour
 - Level 5.0 Dodging
 * Level 14.3 Unarmed Combat


You had 9 spell levels left.
You didn't know any spells.
Your spell library contained the following spells:

 Spells                   Type           Power      Damage    Failure   Level
 Portal Projectile        Hex/Tloc       0%         N/A       99%         3
 Tukima's Dance           Hex            0%         N/A       99%         3
 Anguish                  Hex/Necr       0%         N/A       100%        4
 Cause Fear               Hex            0%         N/A       100%        4
 Enfeeble                 Hex            0%         N/A       100%        7
 Blade Hands              Tmut           Unusable   N/A       N/A         5

Dungeon Overview and Level Annotations

Branches:
Dungeon (10/15)            Temple (1/1) D:4            Lair (0/5) D:8
    Orc: D:9-12

Altars:
Ashenzari
Cheibriados
Dithmenos
Fedhas
Gozag
Hepliaklqana
Kikubaaqudgha
Makhleb
Nemelex Xobeh
Okawaru
Qazlal
Ru
Sif Muna
Trog
Uskayaw
Vehumet
Wu Jian
Xom
Yredelemnul

Shops:
D:4 [   D:5 (

Annotations:
D:4 2 runed translucent doors, Inkenn's ghost, amateur VSAE
D:9 Gastronok
D:10 Snorg


Innate Abilities, Weirdness & Mutations

You are immune to poison.
You have sharp fingernails.
Your flesh is cold resistant. (rC+)
You are immune to negative energy. (rN+++)
You do not regenerate when monsters are visible.
You are immune to unholy pain and torment.
You thrive by killing the living.


Message History

No target in view!
You see here 7 stones.
As you open the door, it creaks loudly!
There is an open door here.
You open the door.
There is an open door here.
You now have 323 gold pieces (gained 17).
Snorg the Insatiable comes into view.
Found a stone staircase leading down.
Snorg is nearby!
Snorg is nearby!
Snorg goes berserk!
You barely miss Snorg. Snorg barely misses you. Snorg claws you!
Snorg claws you but does no damage. Snorg barely misses you. Snorg misses you.
You block Snorg's attack.
Unknown command.
You barely miss Snorg. Snorg bites you! Snorg completely misses you.
Snorg barely misses you.
You scratch Snorg.
Snorg is lightly wounded.
Snorg bites you. Snorg closely misses you. You block Snorg's attack.
Snorg attacks as you move away! You block Snorg's attack.
Snorg claws you but does no damage. Snorg claws you.
You barely miss Snorg.
Snorg is lightly wounded.
You block Snorg's attack. x2; Snorg claws you but does no damage.
You claw Snorg!
Snorg is lightly wounded.
Snorg bites you!!
* * * LOW HITPOINT WARNING * * *
Snorg claws you but does no damage. You block Snorg's attack.
Snorg closely misses you. Snorg completely misses you. Snorg misses you.
You spin and attack Snorg.
You mangle Snorg!!
Snorg is lightly wounded.
Snorg bites you!
* * * LOW HITPOINT WARNING * * *
Snorg claws you.
* * * LOW HITPOINT WARNING * * *
Snorg claws you!
You die...

##########
........@#############
........T............####
.........###########.....
.........# ######
.........# .........#
....>....# ##########


You could see Snorg (berserk).

Vanquished Creatures
  A two-headed ogre (D:9)
  Joseph (D:10)
  A troll (D:10)
  Grinder (D:5)
  A hornet (D:7)
  3 yaks
  Eustachio (D:6)
  A water moccasin (D:8)
  2 sky beasts
  3 orc warriors
  2 ice beasts
  A black bear (D:8)
  A centaur (D:6)
  2 phantoms
  2 bullfrogs
  A gnoll sergeant (D:10)
  8 wights (D:8)
  11 killer bees
  A howler monkey (D:4)
  A jelly (D:6)
  8 orc priests
  2 hounds
  Ijyb (D:3)
  3 iguanas
  A sleepcap (D:6)
  6 orc wizards
  7 gnolls
  3 adders
  A shadow imp (D:8)
  2 white imps
  3 ufetubi
  A worm (D:2)
  3 dart slugs
  30 orcs
  8 ball pythons
  6 bats
  9 endoplasms
  10 giant cockroaches
  8 goblins
  8 hobgoblins
  9 jackals
  4 quokkas
  2 frilled lizards (D:2)
  6 kobolds
  4 rats
190 creatures vanquished.

Vanquished Creatures (others)
  A wizard (D:6)
  9 fungi (D:8)
  14 plants
24 creatures vanquished.

Grand Total: 214 creatures vanquished

Notes
Turn   | Place    | Note
-------+----------+-------------------------------------------
     0 | D:1      | Cheops the Ghoul Monk began the quest for the Orb.
     0 | D:1      | Reached XP level 1. HP: 19/19 MP: 0/0
     7 | D:1      | Found a faded altar of an unknown god.
    35 | D:1      | Reached XP level 2. HP: 26/26 MP: 1/1
   114 | D:1      | Reached skill level 4 in Unarmed Combat
   282 | D:1      | Reached XP level 3. HP: 31/31 MP: 2/2
   719 | D:2      | Reached skill level 5 in Unarmed Combat
  1007 | D:2      | Reached XP level 4. HP: 38/38 MP: 3/3
  1357 | D:3      | Noticed Ijyb
  1377 | D:3      | Killed Ijyb
  1378 | D:3      | Reached skill level 1 in Ranged Weapons
  1467 | D:3      | Found a burning altar of Makhleb.
  1543 | D:3      | Reached XP level 5. HP: 41/45 MP: 4/4
  1645 | D:3      | You fall into a shaft and drop 2 floors!
  1645 | D:5      | Entered Level 5 of the Dungeon
  1672 | D:5      | Found Magulleq's Firing Range.
  1674 | D:5      | Noticed Grinder
  1691 | D:5      | Killed Grinder
  1692 | D:5      | Reached skill level 7 in Unarmed Combat
  1692 | D:5      | Reached XP level 6. HP: 22/51 MP: 5/5
  1703 | D:5      | Found a sparkling altar of Nemelex Xobeh.
  1843 | D:5      | Reached skill level 8 in Unarmed Combat
  1843 | D:5      | Reached XP level 7. HP: 18/57 MP: 6/6
  2352 | D:4      | Found Zucy's Antique Armour Emporium.
  2444 | D:4      | Reached skill level 9 in Unarmed Combat
  2508 | D:4      | Found a runed translucent door.
  2520 | D:4      | Noticed Inkenn's ghost (amateur VSAE)
  2587 | D:4      | Reached XP level 8. HP: 56/63 MP: 7/7
  2770 | D:4      | Found a staircase to the Ecumenical Temple.
  2774 | Temple   | Entered the Ecumenical Temple
  2953 | Temple   | Became a worshipper of the Wu Jian Council
  2953 | Temple   | Reached * piety under Wu Jian
  2953 | Temple   | Reached ** piety under Wu Jian
  3097 | D:4      | Found a runed translucent door.
  3540 | D:4      | Bought a pair of fine gloves for 218 gold pieces
  3540 | D:4      | Identified the +0 pair of gloves of Sunatz {Slay+2} (You
                  | bought it in a shop on level 4 of the Dungeon)
  3591 | D:5      | Found a sacrificial altar of Ru.
  4562 | D:6      | Found a bloodstained altar of Trog.
  4565 | D:6      | Noticed a wizard
  4570 | D:6      | Killed a wizard
  4647 | D:6      | Reached skill level 10 in Unarmed Combat
  5078 | D:6      | Noticed Eustachio
  5086 | D:6      | Killed Eustachio
  5087 | D:6      | Reached skill level 5 in Dodging
  5226 | D:7      | Noticed a hornet
  5235 | D:7      | Killed a hornet
  5236 | D:7      | Reached skill level 1 in Armour
  5236 | D:7      | Reached skill level 11 in Unarmed Combat
  5236 | D:7      | Reached XP level 9. HP: 45/70 MP: 8/8
  5425 | D:7      | Found a shadowy altar of Dithmenos.
  5519 | D:7      | Found a hide-covered altar of Uskayaw.
  5865 | D:8      | Reached skill level 12 in Unarmed Combat
  6301 | D:8      | Reached *** piety under Wu Jian
  6320 | D:8      | Found a sand-covered staircase.
  6478 | D:8      | Found a staircase to the Lair.
  6483 | D:8      | Reached skill level 13 in Unarmed Combat
  6526 | D:8      | Reached XP level 10. HP: 77/77 MP: 9/9
  6711 | D:9      | Noticed a two-headed ogre
  6964 | D:9      | Noticed Gastronok
  7183 | D:9      | Killed a two-headed ogre
  7184 | D:9      | Reached skill level 5 in Armour
  7184 | D:9      | Reached skill level 14 in Unarmed Combat
  7506 | D:10     | Entered Level 10 of the Dungeon
  7639 | D:10     | Found a radiant altar of Vehumet.
  7714 | D:10     | Noticed Joseph
  7719 | D:10     | Killed Joseph
  7782 | D:10     | Noticed Snorg
  7793 | D:10     | HP: 1/77 [Snorg (3)]
  7793 | D:10     | Mangled by Snorg

Illustrated notes

Levels and vault maps discovered:
D:1:      dpeg_arrival_rooms_with_view, layout_basic, basic_ecumenical_altar,
          fountainhead, minmay_pentomino_t2
D:2:      layout_loops_ring
D:3:      layout_rooms, general_overflow_altar, mainiacjoe_overflow_catwalk,
          serial_forest, infiniplex_forest_clump_double,
          infiniplex_forest_side_room, infiniplex_forest_clump_C,
          infiniplex_forest_clump_diagonal, infiniplex_forest_clump_medium,
          infiniplex_forest_straight_5, infiniplex_forest_end_3,
          infiniplex_forest_straight_3, uniq_ijyb
D:4:      cheibrodos_old_hovel, layout_loops_ring,
          minmay_temple_entry_proselytizer, ebering_ghost_sewer_f, serial_shops,
          shop
D:5:      layout_loops_corners, nemelex_diamond_rough_becter,
          mainiacjoe_overflow_brackets, grunt_decor_mini_mirrors,
          nicolae_shop_firing_range, uniq_grinder
D:6:      layout_loops_ring, mainiacjoe_overflow_six_doors_small, trog_wizard,
          minmay_misc_feat_x, uniq_eustachio
D:7:      layout_basic, mainiacjoe_overflow_cross_hatched,
          mainiacjoe_overflow_boulevard
D:8:      layout_cave_pods, grunt_lair_entry_orc_guard_hut, enter_ossuary_5,
          serial_park, serial_park_tiny_pond, serial_park_square2,
          serial_park_avenue1, serial_park_tiny_2
D:9:      layout_loops_ring, st_stairs_13, uniq_gastronok
D:10:     layout_roguey, marbit_many_paths, nicolae_vehumet_radiance,
          uniq_snorg, uniq_joseph
Temple:   nicolae_temple_bog_church

Skill      XL: |  1  2  3  4  5  6  7  8  9 10 |
---------------+-------------------------------+-----
Unarmed Combat | 4 5 7 8 9 11 13 14 | 14.3
Ranged Weapons | 1 2 |  2.0
Dodging        | 3 5 |  5.0
Armour         | 1 4 5 |  5.6
Fighting       | |  3.2

Action                     |  1- 3 |  4- 6 |  7- 9 | 10-12 || total
---------------------------+-------+-------+-------+-------++-------
  Melee: Unarmed           |    85 |    98 |   268 |    55 ||   506
   Fire: Sling             |       |     5 |    57 |    32 ||    94
Ability: Lunge             |       |       |    13 |     5 ||    18
         Whirlwind         |       |       |     4 |     1 ||     5
    Use: Potion            |       |     1 |     1 |       ||     2
         Scroll            |       |       |     3 |     3 ||     6
 Armour: Robe              |    15 |       |       |       ||    15
         Scale mail        |     8 |    55 |   110 |    21 ||   194
  Dodge: Dodged            |    41 |    72 |   189 |    34 ||   336
  Block: Orb               |       |       |    17 |    16 ||    33
         Reflection        |       |       |       |     1 ||     1
